 Dungeon Crawl Stone Soup version 0.30-a0-1160-g6e42c06551 (webtiles) character file.

Game seed: 7658020299616603052

6 Arzdou the Prestidigitator (level 1, 0/17 HPs)
             Began as a Gnoll Wanderer on Apr 25, 2023.
             Slain by a jackal (2 damage)
             ... on level 1 of the Dungeon.
             The game lasted 00:00:38 (138 turns).

Arzdou the Prestidigitator (Gnoll Wanderer)          Turns: 138, Time: 00:00:39

Health: 0/17       AC:  2    Str:  9    XL:     1   Next: 90%
Magic:  1/1        EV: 12    Int: 12    God:
Gold:   21         SH:  7    Dex: 12    Spells: 0/0 levels left

rFire   . .          .
                       - Unarmed
rCold   . . .        f - +2 buckler
rNeg    . . .        e - +0 robe
rPois   .            (no helmet)
rElec   .            (no cloak)
rCorr   .            (no gloves)
SInv    .            (no boots)
Will    .....        (no amulet)
Stlth   +            (no ring)
HPRegen 0.22/turn    (no ring)
MPRegen 0.07/turn

%: no passive effects
@: no status effects
A: fangs 1, strong nose, distributed training
a: no special abilities


You were on level 1 of the Dungeon.
You visited 1 branch of the dungeon, and saw 1 of its levels.

You collected 21 gold pieces.

Inventory:

Hand Weapons
 a - a +0 dagger
Armour
 e - a +0 robe (worn)
 f - a +2 buckler (worn)
Wands
 c - a wand of flame (7) (quivered)
Scrolls
 b - a scroll of fog
 d - a scroll of fear
 g - a scroll of enchant weapon {unknown}
Potions
 h - a potion of attraction {unknown}


   Skills:
 + Level 2.4 Fighting
 + Level 0.2 Short Blades
 + Level 0.2 Long Blades
 + Level 0.2 Axes
 + Level 0.2 Maces & Flails
 + Level 0.2 Polearms
 + Level 0.2 Staves
 + Level 0.2 Ranged Weapons
 + Level 0.2 Throwing
 + Level 0.2 Armour
 + Level 2.4 Dodging
 + Level 0.2 Stealth
 + Level 6.4 Shields
 + Level 2.4 Unarmed Combat
 + Level 0.2 Spellcasting
 + Level 0.1 Conjurations
 + Level 0.1 Hexes
 + Level 0.1 Summonings
 + Level 0.1 Necromancy
 + Level 0.1 Translocations
 + Level 0.1 Transmutations
 + Level 0.1 Fire Magic
 + Level 0.1 Ice Magic
 + Level 0.1 Air Magic
 + Level 0.1 Earth Magic
 + Level 0.1 Poison Magic
 + Level 0.3 Invocations
 + Level 8.4 Evocations


You couldn't memorise any spells.
You didn't know any spells.
Your spell library was empty.

Dungeon Overview and Level Annotations

Branches:
Dungeon (1/15)

Altars:


Innate Abilities, Weirdness & Mutations

You have very sharp teeth.
Your uncanny sense of smell can sniff out nearby items.
Your experience applies equally to all skills.


Message History

You hit the jackal.
The jackal is lightly wounded.
You block the jackal's attack. x2
You barely miss the jackal. The jackal barely misses you.
The jackal completely misses you. The jackal barely misses you.
You block the jackal's attack.
You hit the jackal but do no damage. You block the jackal's attack.
The jackal completely misses you.
You barely miss the jackal.
A bat comes into view.
The jackal closely misses you. The jackal barely misses you.
You hit the jackal but do no damage. The jackal bites you.
* * * LOW HITPOINT WARNING * * *
The jackal barely misses you. The jackal closely misses you.
You block the jackal's attack.
You hit the jackal but do no damage. You block the jackal's attack.
The jackal bites you.
* * * LOW HITPOINT WARNING * * *
You block the bat's attack.
You hit the jackal.
The jackal is moderately wounded.
The bat hits you.
* * * LOW HITPOINT WARNING * * *
The jackal barely misses you. You block the jackal's attack. x2
The jackal closely misses you.
You hit the jackal.
The jackal is severely wounded.
The bat hits you but does no damage. The jackal bites you.
* * * LOW HITPOINT WARNING * * *
The jackal bites you.
* * * LOW HITPOINT WARNING * * *
The bat barely misses you.
You hit the jackal.
The jackal is almost dead.
You block the bat's attack.
The jackal bites you but does no damage. x2
You closely miss the jackal.
The jackal is almost dead.
You block the bat's attack. The jackal bites you.
You die...

#.######.......+ ..
...............# ...
#.####........#
...#####.....†.......#
#...............†....#
#....................#
#....................#.#
#.......h$.............#
#.....b@h.....>.....>.##
#...................#.#
#########...............
#....#.###...##.
#.####.# ##### . #.. ..#
### ####


You could see 2 jackals and a bat.

Vanquished Creatures
  A hobgoblin (D:1)
  2 jackals (D:1)
  3 rats (D:1)
6 creatures vanquished.

Notes
Turn   | Place    | Note
-------+----------+-------------------------------------------
     0 | D:1      | Arzdou the Gnoll Wanderer began the quest for the Orb.
     0 | D:1      | Arzdou set off with the following items: a +0 dagger, a
                  | scroll of fog, a wand of flame (7), a scroll of fear, a +0
                  | robe, a +2 buckler.
     0 | D:1      | Reached XP level 1. HP: 17/17 MP: 1/1
   138 | D:1      | Slain by a jackal

Illustrated notes

Levels and vault maps discovered:
D:1:      matt_arrival_los_fun, layout_basic, st_stairs_3,
          grunt_decor_arrowhead, due_unseen_surprise

Action                     || total
---------------------------++-------
  Melee: Unarmed           ||    33
         Dagger            ||    10
 Armour: Robe              ||    12
  Dodge: Dodged            ||    39
  Block: Buckler           ||    36

Table legend: (Time is in decaauts)
 A = Elapsed time spent in this place.
 B = Non-inter-level travel time spent in this place.
 C = Inter-level travel time spent in this place.
 D = Time resting spent in this place.
 E = Time spent auto-exploring this place.
 F = Levels seen in this place.
 G = Mean time per level.
                   A        B        C        D        E       F      G
               +--------+--------+--------+--------+--------+-----+--------+
         Total |    137 |    137 |      0 |      0 |     79 |   1 |  137.0 |
       Dungeon |    137 |    137 |      0 |      0 |     79 |   1 |  137.0 |
               +--------+--------+--------+--------+--------+-----+--------+

Top non-repeatable levels by time:
     D:1: 137 daAuts
